TOP OF THE 1ST |
Athletic Club KC Academy batting - Pitching for Barton Springs Blues : RHP Adrian Newell
|
Pitching: RHP Adrian Newell
|
|
Batting: RHB Daniel Hannaford
|
0-0: Called Strike 0-1: Ball 1-1: Ball 2-1: Ground out 5-3 (Groundball, 56, EV 86.2 MPH)
|
Batting: SHB Tosya Mndoyants
|
0-0: Ball 1-0: Swinging Strike 1-1: Swinging Strike 1-2: Strikes out looking
|
Batting: RHB Neal Lewis
|
0-0: Foul Ball, location: 2F 0-1: Called Strike 0-2: Ball 1-2: Foul Ball, location: 2F 1-2: Ball 2-2: Foul Ball, location: 2F 2-2: Ground out 6-3 (Groundball, 6, EV 80.6 MPH)
|
Top of the 1st over - 0 runs, 0 hits, 0 errors, 0 left on base; Athletic Club KC Academy 0 - Barton Springs 0 |
BOTTOM OF THE 1ST |
Barton Springs Blues batting - Pitching for Athletic Club KC Academy : RHP Bob Wheelock
|
Pitching: RHP Bob Wheelock
|
|
Batting: RHB Donald Martin
|
0-0: Fly out, F8 (Flyball, 89D, EV 94.4 MPH)
|
Batting: LHB Ben Chell
|
0-0: Ball 1-0: Ground out 3-1 (Groundball, 3S, EV 73.1 MPH)
|
Batting: RHB Donnie Haggard
|
0-0: Ball 1-0: Called Strike 1-1: SINGLE (Flyball, 9S, EV 86.9 MPH)
|
Batting: SHB Bill Gatacre
|
0-0: Called Strike Donnie Haggard steals 2nd base 0-1: Swinging Strike 0-2: Ball 1-2: Strikes out swinging
|
Bottom of the 1st over - 0 runs, 1 hit, 0 errors, 1 left on base; Athletic Club KC Academy 0 - Barton Springs 0 |
TOP OF THE 2ND |
Athletic Club KC Academy batting - Pitching for Barton Springs Blues : RHP Adrian Newell
|
Batting: LHB Ron Whitney
|
0-0: Ball 1-0: Ground out 5-3 (Groundball, 5S, EV 85.0 MPH)
|
Batting: RHB Tim Hendricks
|
0-0: Called Strike 0-1: Ball 1-1: Ball 2-1: Foul Ball, location: 2F 2-2: Strikes out swinging
|
Batting: SHB Ross Evans
|
0-0: Called Strike 0-1: Foul Ball, location: 2F 0-2: Fly out, F9 (Flyball, 9, EV 71.2 MPH)
|
Top of the 2nd over - 0 runs, 0 hits, 0 errors, 0 left on base; Athletic Club KC Academy 0 - Barton Springs 0 |
BOTTOM OF THE 2ND |
Barton Springs Blues batting - Pitching for Athletic Club KC Academy : RHP Bob Wheelock
|
Batting: RHB Jason Portillo
|
0-0: Called Strike 0-1: Ball 1-1: Called Strike 1-2: Ball 2-2: Fly out, F6 (Popup, 56D, EV 54.4 MPH)
|
Batting: LHB Man-su Sin
|
0-0: Ball 1-0: Foul Ball, location: 2F 1-1: Swinging Strike 1-2: SINGLE (Line Drive, 8RS, EV 98.1 MPH)
|
Batting: RHB Shawn Mullins
|
0-0: Called Strike 0-1: Ball 1-1: Swinging Strike 1-2: Ball 2-2: Reached on error, E8 (Line Drive, 8LM, EV 88.1 MPH) Man-su Sin to third
|
Batting: RHB Denny Wolfe
|
0-0: Called Strike 0-1: Ball 1-1: DOUBLE (Line Drive, 89M, EV 97.5 MPH) Man-su Sin scores Shawn Mullins scores
|
Batting: RHB John Polk
|
0-0: Called Strike 0-1: Swinging Strike 0-2: Fly out, F4 (Popup, 4D, EV 48.1 MPH)
|
Batting: RHB Donald Martin
|
0-0: Called Strike 0-1: Fly out, F9 (Flyball, 9S, EV 88.1 MPH)
|
Bottom of the 2nd over - 2 runs, 2 hits, 1 error, 1 left on base; Athletic Club KC Academy 0 - Barton Springs 2 |
TOP OF THE 3RD |
Athletic Club KC Academy batting - Pitching for Barton Springs Blues : RHP Adrian Newell
|
Batting: LHB Carl Zimerman
|
0-0: Called Strike 0-1: Swinging Strike 0-2: Foul Ball, location: 2F 0-2: Ball 1-2: SINGLE (Groundball, 6MD, EV 110.0 MPH)
|
Batting: LHB Octávio Castaneda
|
0-0: Swinging Strike 0-1: Swinging Strike 0-2: Ball 1-2: Ball 2-2: Strikes out swinging
|
Batting: RHB Matt Evans
|
0-0: Ball 1-0: Fly out, F9 (Flyball, 9LM, EV 106.9 MPH)
|
Batting: RHB Daniel Hannaford
|
0-0: Called Strike Carl Zimerman steals 2nd base 0-1: Ground out 3-1 (Groundball, 34, EV 108.1 MPH)
|
Top of the 3rd over - 0 runs, 1 hit, 0 errors, 1 left on base; Athletic Club KC Academy 0 - Barton Springs 2 |
BOTTOM OF THE 3RD |
Barton Springs Blues batting - Pitching for Athletic Club KC Academy : RHP Bob Wheelock
|
Batting: LHB Ben Chell
|
0-0: Ball 1-0: Swinging Strike 1-1: Ball 2-1: Swinging Strike 2-2: Strikes out swinging
|
Batting: RHB Donnie Haggard
|
0-0: Fly out, F9 (Flyball, 9LM, EV 96.2 MPH)
|
Batting: SHB Bill Gatacre
|
0-0: Called Strike 0-1: Ball 1-1: SINGLE (Flyball, 8RS, EV 100.6 MPH)
|
Batting: RHB Jason Portillo
|
0-0: Ball 1-0: Called Strike 1-1: Ground out 5-3 (Groundball, 5S, EV 87.5 MPH)
|
Bottom of the 3rd over - 0 runs, 1 hit, 0 errors, 1 left on base; Athletic Club KC Academy 0 - Barton Springs 2 |
TOP OF THE 4TH |
Athletic Club KC Academy batting - Pitching for Barton Springs Blues : RHP Adrian Newell
|
Batting: SHB Tosya Mndoyants
|
0-0: Ball 1-0: Ground out U3 (Groundball, 34, EV 104.4 MPH)
|
Batting: RHB Neal Lewis
|
0-0: Called Strike 0-1: Called Strike 0-2: Strikes out swinging
|
Batting: LHB Ron Whitney
|
0-0: Called Strike 0-1: Ball 1-1: Ball 2-1: Foul Ball, location: 2F 2-2: Fly out, F2 (Popup, 15S, EV 87.5 MPH)
|
Top of the 4th over - 0 runs, 0 hits, 0 errors, 0 left on base; Athletic Club KC Academy 0 - Barton Springs 2 |
BOTTOM OF THE 4TH |
Barton Springs Blues batting - Pitching for Athletic Club KC Academy : RHP Bob Wheelock
|
Batting: LHB Man-su Sin
|
0-0: Foul Ball, location: 2F 0-1: Fly out, F8 (Flyball, 8RM, EV 76.2 MPH)
|
Batting: RHB Shawn Mullins
|
0-0: Ball 1-0: DOUBLE (Flyball, 8RD, EV 94.4 MPH)
|
Batting: RHB Denny Wolfe
|
0-0: Ball 1-0: Called Strike 1-1: Foul Ball, location: 7LSF, Error on foul ball, E7 1-2: Ground out 4-3 (Groundball, 4MS, EV 81.2 MPH) Shawn Mullins to third
|
Batting: RHB John Polk
|
0-0: Ball 1-0: Ball 2-0: Ball 3-0: Base on Balls
|
Batting: RHB Donald Martin
|
0-0: Ball 1-0: Called Strike 1-1: Ball 2-1: Fielders Choice at 2nd, 6-4 (Groundball, 6, EV 106.9 MPH)
|
Bottom of the 4th over - 0 runs, 1 hit, 1 error, 2 left on base; Athletic Club KC Academy 0 - Barton Springs 2 |
TOP OF THE 5TH |
Athletic Club KC Academy batting - Pitching for Barton Springs Blues : RHP Adrian Newell
|
Batting: RHB Tim Hendricks
|
0-0: Ball 1-0: Called Strike 1-1: Ball 2-1: Called Strike 2-2: Strikes out swinging
|
Batting: SHB Ross Evans
|
0-0: Ball 1-0: Fly out, F9 (Flyball, 89D, EV 100.0 MPH)
|
Batting: LHB Carl Zimerman
|
0-0: Called Strike 0-1: Foul Ball, location: 2F 0-2: Ball 1-2: Strikes out swinging
|
Top of the 5th over - 0 runs, 0 hits, 0 errors, 0 left on base; Athletic Club KC Academy 0 - Barton Springs 2 |
BOTTOM OF THE 5TH |
Barton Springs Blues batting - Pitching for Athletic Club KC Academy : RHP Bob Wheelock
|
Batting: LHB Ben Chell
|
0-0: Fly out, F5 (Popup, 5S, EV 63.1 MPH)
|
Batting: RHB Donnie Haggard
|
0-0: Swinging Strike 0-1: Ball 1-1: Ball 2-1: SINGLE (Groundball, 56D, EV 105.0 MPH)
|
Batting: SHB Bill Gatacre
|
0-0: Called Strike 0-1: Fly out, F5 (Popup, 56S, EV 85.6 MPH)
|
Batting: RHB Jason Portillo
|
0-0: Ball 1-0: Ball 2-0: Fielders Choice at 2nd, 6-4 (Groundball, 6, EV 102.5 MPH)
|
Bottom of the 5th over - 0 runs, 1 hit, 0 errors, 1 left on base; Athletic Club KC Academy 0 - Barton Springs 2 |
TOP OF THE 6TH |
Athletic Club KC Academy batting - Pitching for Barton Springs Blues : RHP Adrian Newell
|
Batting: LHB Octávio Castaneda
|
0-0: Ball 1-0: Foul Ball, location: 2F 1-1: Ball 2-1: Ball 3-1: Called Strike 3-2: Base on Balls
|
Batting: RHB Matt Evans
|
0-0: Ball 1-0: Foul Ball, location: 2F 1-1: Reached on error, E4 (Groundball, 4, EV 83.1 MPH) Octávio Castaneda to second
|
Batting: RHB Daniel Hannaford
|
0-0: Bunted foul 0-1: Bunted foul 0-2: Foul Ball, location: 2F 0-2: Fielders Choice at 2nd, U6 (Groundball, 4M, EV 89.4 MPH) Octávio Castaneda to third
|
Batting: SHB Tosya Mndoyants
|
0-0: Ball Daniel Hannaford is caught stealing 2nd base 2-6 1-0: Ball 2-0: Fly out, F7 (Flyball, 78S, EV 82.5 MPH)
|
Top of the 6th over - 0 runs, 0 hits, 1 error, 1 left on base; Athletic Club KC Academy 0 - Barton Springs 2 |
BOTTOM OF THE 6TH |
Barton Springs Blues batting - Pitching for Athletic Club KC Academy : RHP Bob Wheelock
|
Batting: LHB Man-su Sin
|
0-0: Called Strike 0-1: Fly out, F7 (Flyball, 7D, EV 88.8 MPH)
|
Batting: RHB Shawn Mullins
|
0-0: Called Strike 0-1: Called Strike 0-2: Ground out 6-3 (Groundball, 6, EV 110.0 MPH)
|
Batting: RHB Denny Wolfe
|
0-0: Called Strike 0-1: Ball 1-1: Foul Ball, location: 2F 1-2: SINGLE (Groundball, 6MD, EV 100.6 MPH)
|
Batting: RHB John Polk
|
0-0: Fielders Choice at 2nd, 6-4 (Groundball, 6, EV 79.4 MPH)
|
Bottom of the 6th over - 0 runs, 1 hit, 0 errors, 1 left on base; Athletic Club KC Academy 0 - Barton Springs 2 |
TOP OF THE 7TH |
Athletic Club KC Academy batting - Pitching for Barton Springs Blues : RHP Adrian Newell
|
Batting: RHB Neal Lewis
|
0-0: Ball 1-0: Called Strike 1-1: Called Strike 1-2: DOUBLE (Line Drive, 78XD, EV 106.2 MPH)
|
Batting: LHB Ron Whitney
|
0-0: Ball 1-0: Foul Ball, location: 2F 1-1: Fly out, F6 (Popup, 56D, EV 56.2 MPH)
|
Batting: RHB Tim Hendricks
|
0-0: Ball 1-0: SINGLE (Groundball, 6MD, EV 102.5 MPH) Neal Lewis to third Runner from 3rd tries for Home, SAFE, throw by CF to home
|
Batting: SHB Ross Evans
|
0-0: Called Strike 0-1: Foul Ball, location: 2F 0-2: Ball 1-2: SINGLE (Groundball, 4MD, EV 104.4 MPH) Tim Hendricks to second Runner from 2nd tries for 3rd, SAFE, throw by CF made to third
|
Batting: LHB Carl Zimerman
|
0-0: Called Strike 0-1: Foul Ball, location: 2F 0-2: Ball 1-2: Ball 2-2: Strikes out swinging
|
Batting: LHB Octávio Castaneda
|
0-0: Called Strike 0-1: Called Strike 0-2: Strikes out swinging
|
Top of the 7th over - 1 run, 3 hits, 0 errors, 2 left on base; Athletic Club KC Academy 1 - Barton Springs 2 |
BOTTOM OF THE 7TH |
Barton Springs Blues batting - Pitching for Athletic Club KC Academy : RHP Bob Wheelock
|
Batting: RHB Donald Martin
|
0-0: Ball 1-0: Fly out, F8 (Line Drive, 8RD, EV 93.1 MPH)
|
Batting: LHB Ben Chell
|
0-0: Ground out 4-3 (Groundball, 4, EV 84.4 MPH)
|
Batting: RHB Donnie Haggard
|
0-0: Ball 1-0: Called Strike 1-1: DOUBLE (Line Drive, 9LM, EV 106.9 MPH)
|
Batting: SHB Bill Gatacre
|
0-0: Foul Ball, location: 2F 0-1: DOUBLE (Line Drive, 89XD, EV 99.4 MPH) Donnie Haggard scores
|
Batting: RHB Jason Portillo
|
0-0: Foul Ball, location: 2F 0-1: Ball 1-1: Ball 2-1: Ball 3-1: 2-RUN HOME RUN (Flyball, 78XD, EV 101.9 MPH), Distance : 424 ft
|
Batting: LHB Man-su Sin
|
0-0: Ball 1-0: Swinging Strike 1-1: Fly out, F8 (Line Drive, 8LD, EV 91.2 MPH)
|
Bottom of the 7th over - 3 runs, 3 hits, 0 errors, 0 left on base; Athletic Club KC Academy 1 - Barton Springs 5 |
TOP OF THE 8TH |
Athletic Club KC Academy batting - Pitching for Barton Springs Blues : RHP Adrian Newell
|
Pitching: RHP Luis Ramos
|
|
Batting: RHB Matt Evans
|
0-0: Ball 1-0: Ground out 6-3 (Groundball, 6, EV 85.0 MPH)
|
Batting: RHB Daniel Hannaford
|
0-0: Foul Ball, location: 2F 0-1: Ball 1-1: Ground out 5-3 (Groundball, 56, EV 105.6 MPH)
|
Batting: SHB Tosya Mndoyants
|
0-0: Ball 1-0: Called Strike 1-1: Ball 2-1: Foul Ball, location: 2F 2-2: Ball 3-2: Base on Balls
|
Batting: RHB Neal Lewis
|
0-0: Called Strike 0-1: Called Strike 0-2: Strikes out looking
|
Top of the 8th over - 0 runs, 0 hits, 0 errors, 1 left on base; Athletic Club KC Academy 1 - Barton Springs 5 |
BOTTOM OF THE 8TH |
Barton Springs Blues batting - Pitching for Athletic Club KC Academy : RHP Bob Wheelock
|
Pitching: LHP Héctor Puga
|
|
Batting: RHB Shawn Mullins
|
0-0: Ball 1-0: Called Strike 1-1: Foul Ball, location: 2F 1-2: Foul Ball, location: 2F 1-2: Ball 2-2: SINGLE (Line Drive, 4D, EV 101.2 MPH)
|
Batting: RHB Denny Wolfe
|
0-0: Ball Shawn Mullins steals 2nd base 1-0: Called Strike 1-1: Foul Ball, location: 2F 1-2: Ball 2-2: Ball 3-2: Base on Balls
|
Batting: RHB John Polk
|
0-0: Swinging Strike 0-1: Ball 1-1: Swinging Strike 1-2: Ball 2-2: DOUBLE (Flyball, 89XD, EV 90.0 MPH) Shawn Mullins scores Denny Wolfe to third
|
Batting: RHB Donald Martin
|
0-0: Fly out, F7 (Flyball, 7, EV 88.8 MPH) Runner from 3rd tags up, SCORES, throw by LF
|
Batting: LHB Ben Chell
|
0-0: Called Strike 0-1: Foul Ball, location: 2F 0-2: Strikes out swinging
|
Batting: RHB Donnie Haggard
|
0-0: Ball 1-0: Swinging Strike 1-1: Foul Ball, location: 2F 1-2: Foul Ball, location: 2F 1-2: SINGLE (Groundball, 6MD, EV 95.6 MPH) John Polk to third Runner from 3rd tries for Home, SAFE, no throw by CF
|
Batting: SHB Bill Gatacre
|
0-0: Called Strike 0-1: Ball 1-1: Ball 2-1: Ball 3-1: Swinging Strike 3-2: Strikes out looking
|
Bottom of the 8th over - 3 runs, 3 hits, 0 errors, 1 left on base; Athletic Club KC Academy 1 - Barton Springs 8 |
TOP OF THE 9TH |
Athletic Club KC Academy batting - Pitching for Barton Springs Blues : RHP Luis Ramos
|
Batting: LHB Ron Whitney
|
0-0: Foul Ball, location: 2F 0-1: Ball 1-1: Ball 2-1: Ball 3-1: Foul Ball, location: 2F 3-2: Base on Balls
|
Batting: RHB Tim Hendricks
|
0-0: Foul Ball, location: 2F 0-1: Called Strike 0-2: Ball 1-2: Ground out 5-3 (Groundball, 56S, EV 65.6 MPH) Ron Whitney to second
|
Batting: SHB Ross Evans
|
0-0: Ball 1-0: Foul Ball, location: 2F 1-1: Ball 2-1: Ball 3-1: Foul Ball, location: 2F 3-2: Foul Ball, location: 2F 3-2: SINGLE (Groundball, 4D, EV 95.6 MPH) Ron Whitney to third
|
Batting: LHB Carl Zimerman
|
0-0: Called Strike 0-1: Foul Ball, location: 2F 0-2: Ball 1-2: Strikes out swinging
|
Batting: LHB Octávio Castaneda
|
0-0: Ball 1-0: Ball 2-0: Called Strike 2-1: Ball 3-1: 3-RUN HOME RUN (Flyball, 7D, EV 96.2 MPH), Distance : 391 ft
|
Pitching: RHP Ralph Dunn
|
|
Batting: RHB Matt Evans
|
0-0: Ball 1-0: Ground out 6-3 (Groundball, 6, EV 82.5 MPH)
|
Top of the 9th over - 3 runs, 2 hits, 0 errors, 0 left on base; Athletic Club KC Academy 4 - Barton Springs 8 |
|